 Dungeon Crawl Stone Soup version 0.23.2-40-g277498a001 (webtiles) character file.

Game seed: 17701412077981208368

112 DenSaoPin the Skirmisher (level 4, -1/37 HPs)
             Began as a Demonspawn Skald on Oct 2, 2019.
             Slain by an iguana (7 damage)
             ... on level 2 of the Dungeon.
             The game lasted 00:06:44 (2665 turns).

DenSaoPin the Skirmisher (Demonspawn Skald)         Turns: 2665, Time: 00:06:44

Health: -1/37      AC:  6    Str: 12    XL:     4   Next: 63%
Magic:  7/7        EV:  9    Int: 14    God:
Gold:   91         SH:  0    Dex: 13    Spells: 6/7 levels left

rFire    . . .     SeeInvis .   a - +0 short sword
rCold    + . .     Gourm    .   (no shield)
rNeg     . . .     Faith    .   p - +0 scale mail
rPois    .         Spirit   .   (no helmet)
rElec    .         Reflect  .   (no cloak)
rCorr    .         Harm     .   (no gloves)
MR       .....                  (no boots)
Stlth    ..........             (no amulet)
HPRegen  0.12/turn              (no ring)
MPRegen  0.10/turn              (no ring)

@: no status effects
A: hooves 1, cold resistance 1
a: no special abilities


You were on level 2 of the Dungeon.
You were not hungry.

You visited 1 branch of the dungeon, and saw 2 of its levels.

You collected 91 gold pieces.

Inventory:

Hand Weapons
 a - a +0 short sword (weapon)
 m - a +1 antimagic dagger
Armour
 b - a +0 leather armour
 p - a +0 scale mail (worn)
Scrolls
 c - 2 scrolls of fog {unknown}
 f - 2 scrolls of remove curse {unknown}
 h - a scroll of enchant weapon {unknown}
 k - a scroll of immolation {unknown}
 l - a scroll of identify {unknown}
Potions
 e - a potion of flight {unknown}
 g - 2 potions of mutation {unknown}
 i - 2 potions of brilliance {unknown}
 j - a potion of agility {unknown}
 n - a potion of heal wounds {unknown}
 o - a potion of haste {unknown}
Comestibles
 d - 2 rations


   Skills:
 + Level 3.7 Fighting
 + Level 3.4 Short Blades
 - Level 0.8 Armour
 - Level 1.7 Dodging
 - Level 2.0 Spellcasting
 - Level 2.6 Charms


You had 6 spell levels left.
You knew the following spells:

 Your Spells              Type           Power        Failure   Level  Hunger
a - Infusion              Chrm           #...         38%         1    ##.....

Your spell library contained the following spells:

 Spells                   Type           Power        Failure   Level  Hunger
 Song of Slaying          Chrm           #.......     54%         2    ###....
 Shroud of Golubria       Chrm/Tloc      #.........   73%         2    ###....
 Regeneration             Chrm/Necr      #.........   91%         3    ####...
 Spectral Weapon          Hex/Chrm       #.......     91%         3    ####...


Dungeon Overview and Level Annotations

Branches:
Dungeon (2/15)

Altars:
Kikubaaqudgha
Makhleb
Wu Jian


Innate Abilities, Weirdness & Mutations

You have large cloven feet.
Your flesh is cold resistant. (rC+)


Message History

The iguana is severely wounded.
The iguana bites you.
You hit the iguana but do no damage.
The iguana is severely wounded.
The iguana completely misses you.
Your scale mail prevents you from hitting the iguana.
You kick the iguana.
The iguana is severely wounded.
The iguana barely misses you.
You closely miss the iguana.
The iguana is severely wounded.
The iguana bites you.
* * * LOW HITPOINT WARNING * * *
You hit the iguana.
The iguana is almost dead.
The iguana bites you but does no damage.
You hit the iguana but do no damage.
The iguana is almost dead.
The iguana bites you!
You die...

#.....†.........
#.#.#.#.....###.
#.#.#...#..## ##
##[....####..###
#####..##..........##
#........#..#.####..#
#.....(..............
#.............#######
#...@l....>...#
#####..##....##
#.....#....# #####
#.#.#.#....# #....
#..........# ##.###
#..###+###.# #..#
#..# #[# #.# #.##
#..###.###.# #.#
#..'.._###.###.#


You could see an iguana.

Vanquished Creatures
  Terence (D:2)
  A gnoll (D:1)
  4 adders (D:2)
  2 dart slugs (D:1)
  3 giant cockroaches
  7 goblins
  4 hobgoblins
  2 kobolds (D:1)
  5 bats
  6 frilled lizards
  6 rats
41 creatures vanquished.

Notes
Turn   | Place    | Note
-------+----------+-------------------------------------------
     0 | D:1      | DenSaoPin the Demonspawn Skald began the quest for the Orb.
     0 | D:1      | Reached XP level 1. HP: 16/16 MP: 3/3
    90 | D:1      | Gained mutation: Your flesh is cold resistant. (rC+)
                  | [demonic ancestry]
    90 | D:1      | Reached XP level 2. HP: 10/23 MP: 5/5
   757 | D:1      | Gained mutation: You have large cloven feet. [demonic
                  | ancestry]
   757 | D:1      | Reached XP level 3. HP: 17/28 MP: 0/6
  2041 | D:2      | Found an ornate altar of the Wu Jian Council.
  2236 | D:2      | Found a burning altar of Makhleb.
  2247 | D:2      | Reached XP level 4. HP: 18/35 MP: 1/7
  2462 | D:2      | Found an ancient bone altar of Kikubaaqudgha.
  2541 | D:2      | Noticed Terence
  2564 | D:2      | Killed Terence
  2665 | D:2      | Slain by an iguana

Skill      XL: |  1  2  3 |
---------------+----------+-----
Short Blades   | 2 3 |  3.4
Fighting       | 3 |  3.7
Armour         | |  0.8
Dodging        | |  1.7
Spellcasting   | |  2.0
Charms         | |  2.6

Action                   |  1- 3 |  4- 6 || total
-------------------------+-------+-------++-------
Melee: Short sword       |   137 |    44 ||   181
       Kick              |    12 |    15 ||    27
 Cast: Infusion          |     3 |     1 ||     4
  Eat: Chunk             |     4 |     2 ||     6
Armor: Leather armour    |    36 |    12 ||    48
       Scale mail        |       |     3 ||     3
Dodge: Dodged            |    71 |    24 ||    95
